 Dungeon Crawl Stone Soup version 0.18-b1-2-gd0c887e (webtiles) character file.

156 SkaryMonk the Sneak (level 5, -7/34 HPs)
             Began as an Octopode Assassin on Apr 28, 2016.
             Was a Follower of Pakellas.
             Shot with an arrow by a centaur (11 damage)
             ... on level 3 of the Dungeon.
             The game lasted 00:09:51 (2835 turns).

SkaryMonk the Sneak (Octopode Assassin)             Turns: 2835, Time: 00:09:52

Health: -7/34      AC:  1    Str: 11    XL:     5   Next: 38%
Magic:  9/14       EV: 12    Int: 13    God:    Pakellas [*.....]
Gold:   66         SH:  0    Dex: 14    Spells: 0 memorised, 4 levels left

rFire  . . .     SeeInvis .     a - +2 dagger
rCold  . . .     Gourm    .     (no shield)
rNeg   . . .     Faith    .     (helmet restricted)
rPois  .         Spirit   .     (no amulet)
rElec  .         Dismiss  .     i - ring of sustain attributes
rCorr  .         Reflect  .     j - ring of teleportation (curse)
SustAt +         Harm     .     n - ring of magical power
MR     .....     Rnd*Tele +     (no ring)
Stlth  ++++......               (no ring)
                                (no ring)
                                (no ring)
                                (no ring)

@: not resistant to hostile enchantments, stealthy
A: almost no armour, amphibious, 8 rings, constrict 8, camouflage 1, gelatinous
body 1
a: Quick Charge, Renounce Religion


You were on level 3 of the Dungeon.
You worshipped Pakellas.
Pakellas was aware of your devotion.
You were hungry.

You visited 1 branch of the dungeon, and saw 3 of its levels.

You collected 66 gold pieces.

Notes
Turn   | Place    | Note
--------------------------------------------------------------
     0 | D:1      | SkaryMonk the Octopode Assassin began the quest for the Orb.
     0 | D:1      | Reached XP level 1. HP: 14/14 MP: 1/1
    52 | D:1      | Reached XP level 2. HP: 8/19 MP: 2/2
   702 | D:1      | Reached XP level 3. HP: 12/24 MP: 3/3
   995 | D:2      | Found an oddly glowing altar of Pakellas.
  1024 | D:2      | Became a worshipper of Pakellas the Inventive
  1273 | D:2      | Reached XP level 4. HP: 29/29 MP: 4/4
  1770 | D:2      | Found a burning altar of Makhleb.
  1832 | D:3      | Noticed Terence
  1833 | D:3      | Killed Terence
  1835 | D:3      | Reached * piety under Pakellas
  1835 | D:3      | Received a gift from Pakellas
  2146 | D:3      | Found a blossoming altar of Fedhas.
  2159 | D:3      | Reached XP level 5. HP: 27/34 MP: 5/5
  2416 | D:3      | Found a shadowy altar of Dithmenos.
  2647 | D:3      | Found a glowing silver altar of Zin.
  2649 | D:3      | Noticed an angel
  2652 | D:3      | Found a shimmering altar of Xom.
  2757 | D:3      | Found a bloodstained altar of Trog.
  2813 | D:3      | Noticed a centaur
  2835 | D:3      | Shot with an arrow by a centaur

Inventory:

Hand Weapons
 a - a +2 dagger (weapon)
 b - a +0 blowgun
Missiles
 c - 23 poisoned needles
Armour
 p - a +0 buckler
Jewellery
 i - a ring of sustain attributes (left tentacle)
 j - a cursed ring of teleportation (right tentacle)
 n - a ring of magical power (on tentacle)
Wands
 s - a wand of random effects (29/48)
Scrolls
 l - a scroll of enchant armour
 r - a scroll of remove curse {unknown}
Potions
 e - a potion of degeneration
 g - 2 potions of heal wounds {unknown}
 h - 3 potions of lignification
 k - a potion of flight {unknown}
 o - a potion of mutation {unknown}
 t - a potion of brilliance {unknown}
Comestibles
 f - 3 bread rations
 m - 2 meat rations

Table legend:
 A = Turns spent in this place as a percentage of turns spent in the entire game.
 B = Non-inter-level travel turns spent in this place as a percentage of non-inter-level travel turns spent in the entire game.
 C = Inter-level travel turns spent in this place as a percentage of turns spent in this place.
 D = Turns resting spent in this place as a percentage of non-inter-level travel turns spent in this place.
 E = Turns spent auto-exploring this place as a percentage of non-inter-level travel turns spent in this place.
 F = Non-inter-level travel turns spent in this place divided by the number of levels of this place that you've seen.
                   A       B       C       D       E      F
               +-------+-------+-------+-------+-------+----------------------
         Total | 100.0 | 100.0 |   0.5 |   2.3 |  14.4 | 192.0
       Dungeon | 100.0 | 100.0 |   0.5 |   2.3 |  14.4 | 192.0
               +-------+-------+-------+-------+-------+----------------------


   Skills:
 - Level 2.2 Fighting
 + Level 4.5 Short Blades
 - Level 2.6 Throwing
 - Level 1.5 Dodging
 - Level 5.7 Stealth


You had 4 spell levels left.
You didn't know any spells.

Dungeon Overview and Level Annotations

Branches:
Dungeon (3/15)

Altars:
Dithmenos
Fedhas
Makhleb
Pakellas
Trog
Xom
Zin


Innate Abilities, Weirdness & Mutations

You cannot wear most types of armour.
You are amphibious.
You can wear up to eight rings at the same time.
You can use your tentacles to constrict eight enemies at once.
Your skin changes colour to match your surroundings (Stealth).
Your rubbery body absorbs attacks (AC +1).


Message History

The curare-tipped needle barely misses the centaur.
The centaur shoots an arrow.
The arrow misses you.
The centaur shoots an arrow.
The arrow hits you!
* * * LOW HITPOINT WARNING * * *
You see here an arrow.
The centaur shoots an arrow.
The arrow closely misses you.
You see here an arrow.
Drink which item? (? for menu, Esc to quit)
Okay, then.
There is a stone staircase leading down here.
a - a +2 dagger (weapon)
Evoke which item? (* to show all) (? for menu, Esc to quit)
Zapping:
s - a wand of random effects (30/48)
Press: ? - help, Shift-Dir - straight line, f/p - centaur
Aim: a centaur, wielding a shortbow (severely wounded)
The centaur resists with some effort.
This wand has 29 charges left.
The centaur shoots an arrow.
The arrow barely misses you.
The centaur shoots an arrow.
The arrow hits you!
You die...
Pakellas says: Good help is so hard to find these days!

#.# #.# #.#
#.# #c# #.#
##.# #.# #.#
...# #(# #.#
#### #.#
###.# #.#
#...# #(#
#...#
#.###..@####
#..c.......#
#..........#
##.........#
####...####
#...# ####
#...# ...#
##.## ##.#
#.#


You could see a centaur.

Table legend:
 A = Kills in this place as a percentage of kills in entire the game.
 B = Kills by you in this place as a percentage of kills by you in the entire game.
 C = Kills by friends in this place as a percentage of kills by friends in the entire game.
 D = Other kills in this place as a percentage of other kills in the entire game.
 E = Experience gained in this place as a percentage of experience gained in the entire game.
 F = Experience gained in this place divided by the number of levels of this place that you have seen.
                   A       B       C       D       E      F
               +-------+-------+-------+-------+-------+----------------------
         Total | 100.0 | 100.0 |  -nan |  -nan | 100.0 |  74.7
       Dungeon | 100.0 | 100.0 |  -nan |  -nan | 100.0 |  74.7
               +-------+-------+-------+-------+-------+----------------------

Vanquished Creatures
  An orc wizard (D:3)
  Terence (D:3)
  A gnoll (D:1)
  An adder (D:3)
  A shadow imp (D:2)
  5 worms
  A dart slug (D:1)
  2 giant geckos
  2 orcs (D:3)
  2 ball pythons
  5 giant cockroaches
  4 goblins
  15 hobgoblins
  2 jackals (D:2)
  A kobold (D:1)
  A quokka (D:3)
  4 giant newts
  6 rats
55 creatures vanquished.

Action                   |  1- 3 |  4- 6 || total
-------------------------+-------+-------++-------
Melee: Dagger            |    64 |    47 ||   111
       Constrict         |    13 |    12 ||    25
       Tentacles         |    12 |     8 ||    20
 Fire: Blowgun           |     4 |    13 ||    17
Evoke: Wand              |       |     1 ||     1
  Use: Scroll            |     2 |     1 ||     3
 Stab: Sleeping          |    13 |     8 ||    21
  Eat: Chunk             |     1 |     4 ||     5
Armor: Skin              |     1 |     2 ||     3
Dodge: Dodged            |    26 |     9 ||    35

Vault maps used:
D:1:      wheals_arrival_shading, minmay_misc_feat_iff
D:2:      grunt_pakellas_mercury, lemuel_coloured_pillars_altar,
          kennysheep_generic_room_8
D:3:      grunt_temple_overflow_order_and_chaos_1, lightli_temple_of_fire,
          old_standard_altar, nicolae_dithmenos_shadow_blocks,
          minmay_misc_feat_plants, uniq_terence
